 Dungeon Crawl Stone Soup version 0.14-a0-3315-g09e681a (webtiles) character file.

130 Psiweapon the Grasshopper (level 4, 0/39 HPs)
             Began as a Naga Warper on Mar 15, 2014.
             Slain by a gnoll
             ... wielding a +0,+0 halberd
              (12 damage)
             ... on Level 2 of the Dungeon.
             The game lasted 00:07:00 (1526 turns).

Psiweapon the Grasshopper (Naga Warper)             Turns: 1526, Time: 00:07:00

HP   0/39        AC  2     Str 13      XL: 4   Next: 28%
MP   6/7         EV  9     Int 15      God:
Gold 56          SH  0     Dex 10      Spells:  2 memorised,  4 levels left

rFire  . . .     SeeInvis +     a - +0 spear
rCold  . . .     Clarity  .     b - +0 leather armour
rNeg   . . .     Conserve .     (no shield)
rPois  +         rCorr    .     (no helmet)
rElec  .         rRot     .     (no cloak)
SustAb . .       Spirit   .     (no gloves)
rMut   .         Warding  .     (no barding)
Saprov . . .     Stasis   .     (no amulet)
MR     .....                    (no ring)
                                (no ring)

@: very slow, not resistant to hostile enchantments, very unstealthy
A: spit poison, see invisible, deformed body, poison resistance, slowness 2, AC
+1
a: Spit Poison


You were on level 2 of the Dungeon.
You were hungry.

You visited 1 branch of the dungeon, and saw 2 of its levels.

You collected 56 gold pieces.

Inventory:

Hand weapons
 a - a +0,+0 spear (weapon)
Missiles
 e - 4 darts (quivered)
 f - 10 darts of dispersal
 i - 27 arrows
 k - 11 arrows of frost
 s - 44 sling bullets
Armour
 b - a +0 leather armour (worn)
Comestibles
 g - a bread ration
 n - 2 meat rations
 t - an apple
 u - a choko
 x - 3 rotting chunks of jackal flesh
Scrolls
 d - a scroll of blinking
 h - a scroll of magic mapping {unknown}
 l - 3 scrolls of amnesia {unknown}
 o - a scroll of fear {unknown}
 p - a scroll of enchant weapon I {unknown}
 v - a scroll of recharging {unknown}
Potions
 m - a potion of degeneration {unknown}
 q - a potion of haste {unknown}
 r - a potion of heal wounds {unknown}
Books
 c - a book of Spatial Translocations

   Spells                             Type                      Level
   *Apportation                       Translocation                1
   *Blink                             Translocation                2
   Shroud of Golubria                 Charms/Translocation         2
   Portal Projectile                  Translocation                3
   Teleport Other                     Translocation                3
   Passage of Golubria                Translocation                4


   Skills:
 - Level 2.0 Fighting
 + Level 3.4 Polearms
 - Level 0.8 Throwing
 - Level 0.7 Armour
 - Level 1.5 Dodging
 - Level 2.0 Spellcasting
 + Level 4.0 Translocations


You had 4 spell levels left.
You knew the following spells:

 Your Spells              Type           Power        Failure   Level  Hunger
a - Apportation           Tloc           ##........   4%          1    #......
b - Blink                 Tloc           N/A          8%          2    ###....


Dungeon Overview and Level Annotations

Branches:
Dungeon (2/15)

Altars:


Innate Abilities, Weirdness & Mutations

You cannot wear boots.
You can spit poison.
Your serpentine skin is tough (AC +1).
You have supernaturally acute eyesight.
Armour fits poorly on your strangely shaped body.
Your system is resistant to poisons.
You cover ground very slowly.


Message History

Eat which item? (? for menu, Esc to quit)
Okay, then.
You see here a goblin corpse.
You start butchering the goblin corpse.
You continue butchering the corpse.
You continue butchering the corpse.
You finish butchering the goblin corpse.
j - a chunk of goblin flesh You see here a goblin skeleton.
Eat a chunk of goblin flesh? (ye/n/q/i?) This raw flesh tastes terrible.
You are feeling hungry.
You continue eating.
e - 2 darts (gained 1)
e - 4 darts (gained 2)
A gnoll comes into view. It is wielding a halberd.
The gnoll throws a dart.
The dart misses you.
Things that are here:
a dart; a club; a hobgoblin corpse The gnoll hits you from afar with a halberd!
You die...

##.##.#(.#.# #.#
..........#.# #.#
#.......#.# #.###
#......(#.## #...#
#.##...)...# #... #.....%.#
#.. #.......# #.#
.##....#(#####)#
..........@.g.).#
..........####### #
..#.....## # ....#.....# .
#......######## .#
...##......##...# .#
....#.....##...# .#
...#.#.........####.#######
. #..#.)...................


You could see a gnoll.

Vanquished Creatures
  2 adders (D:2)
  3 gnolls (D:2)
  A giant gecko (D:1)
  A giant cockroach (D:1)
  3 goblins
  A hobgoblin (D:2)
  4 jackals (D:2)
  4 kobolds (D:1)
  4 bats (D:1)
  4 rats
27 creatures vanquished.

Notes
Turn   | Place    | Note
--------------------------------------------------------------
     0 | D:1      | Psiweapon, the Naga Warper, began the quest for the Orb.
     0 | D:1      | Reached XP level 1. HP: 19/19 MP: 3/3
   265 | D:1      | Reached XP level 2. HP: 19/26 MP: 4/4
   973 | D:2      | Reached XP level 3. HP: 4/32 MP: 6/6
  1254 | D:2      | Learned a level 2 spell: Blink
  1448 | D:2      | Reached skill level 4 in Translocations
  1448 | D:2      | Reached XP level 4. HP: 3/39 MP: 7/7
  1526 | D:2      | Slain by a gnoll

Action                   |  1- 3 |  4- 6 || total
-------------------------+-------+-------++-------
Melee: Spear             |    93 |     5 ||    98
Throw: Dart              |    12 |    10 ||    22
 Cast: Blink             |       |     4 ||     4
 Abil: Spit Poison       |    19 |     2 ||    21
